 Dungeon Crawl Stone Soup version 0.31-a0-931-g7b59d4eb97 (webtiles) character file.

Game seed: 8079875462357004838

27 IdlyInterested the Ducker (level 2, -3/22 HPs)
             Began as a Demonspawn Wanderer on Oct 19, 2023.
             Slain by a worm (10 damage)
             ... on level 2 of the Dungeon.
             The game lasted 00:02:32 (1127 turns).

IdlyInterested the Ducker (Demonspawn Wanderer)     Turns: 1127, Time: 00:02:33

Health: -3/22      AC:  5    Str:  8    XL:     2   Next: 93%
Magic:  7/7        EV: 12    Int: 17    God:
Gold:   65         SH:  5    Dex: 12    Spells: 8/9 levels left

rFire   . . .        a - +0 dagger
rCold   . . .        (no shield)
rNeg    . . .        e - +0 leather armour
rPois   .            (no helmet)
rElec   .            (no cloak)
rCorr   .            (no gloves)
SInv    .            (no boots)
Will    .....        k - amulet of reflection
Stlth   +            (no ring)
HPRegen 0.23/turn    (no ring)
MPRegen 0.10/turn

%: reflection
@: no status effects
A: molten scales 1
a: no special abilities


You were on level 2 of the Dungeon.
You visited 1 branch of the dungeon, and saw 2 of its levels.

You collected 65 gold pieces.

Inventory:

Hand Weapons
 a - a +0 dagger (weapon)
Missiles
 b - 2 throwing nets (quivered)
 i - 16 stones
Armour
 e - a +0 leather armour (worn)
Jewellery
 k - an amulet of reflection (around neck)
Scrolls
 c - a scroll of vulnerability
 d - a scroll of fear
 f - 3 scrolls of enchant armour {unknown}
 h - 2 scrolls of identify {unknown}
Potions
 g - a potion of might {unknown}
 j - a potion of heal wounds {unknown}
 l - a potion of enlightenment {unknown}


   Skills:
 * Level 2.1 Fighting
 - Level 1.0 Throwing
 - Level 1.0 Armour
 - Level 4.5 Dodging
 + Level 0.5 Stealth
 - Level 4.0 Spellcasting


You had 8 spell levels left.
You knew the following spells:

 Your Spells              Type           Power      Damage    Failure   Level
a - Kiss of Death         Conj/Necr      12%        2d6       22%         1

Your spell library contained the following spells:

 Spells                   Type           Power      Damage    Failure   Level
 Tukima's Dance           Hex            3%         N/A       54%         3
 Vampiric Draining        Necr           3%         2d6       54%         3
 Passage of Golubria      Tloc           3%         N/A       91%         4
 Summon Forest            Summ/Tloc      1%         N/A       99%         5
 Summon Mana Viper        Hex/Summ       3%         N/A       99%         5
 Yara's Violent Unravell  Hex/Tmut       1%         3d3       99%         5
 Summon Cactus Giant      Summ           1%         N/A       100%        6


Dungeon Overview and Level Annotations

Branches:
Dungeon (2/15)

Altars:


Innate Abilities, Weirdness & Mutations

You are partially covered in molten scales. (AC +2)


Message History

You hit the ball python.
You kill the ball python!
You hit the rat.
The rat is severely wounded.
The rat closely misses you.
You hit the rat.
You kill the rat!
You hit the worm.
The worm is lightly wounded.
You hit the worm.
The worm is moderately wounded.
The worm barely misses you.
You barely miss the worm.
The worm is moderately wounded.
The worm bites you!
You barely miss the worm.
The worm is moderately wounded.
You barely miss the worm.
The worm is moderately wounded.
The worm bites you.
You hit the worm.
The worm is moderately wounded.
You hit the worm.
The worm is moderately wounded.
You block the worm's attack.
You hit the worm.
The worm is moderately wounded.
The worm bites you.
* * * LOW HITPOINT WARNING * * *
You hit the worm but do no damage.
The worm is moderately wounded.
You barely miss the worm.
The worm is moderately wounded.
The worm barely misses you.
You hit the worm but do no damage.
The worm is lightly wounded.
You hit the worm.
The worm is moderately wounded.
The worm bites you!
You die...

#############.
#...........r>
#.......#
#.......#
#..?....#
#.......#
###.....#
#####w# #@#
#.# ..# ####


You could see a worm.

Vanquished Creatures
  2 dart slugs (D:1)
  An endoplasm (D:1)
  A goblin (D:1)
  3 hobgoblins (D:1)
  2 kobolds (D:1)
  2 quokkas (D:1)
  2 ball pythons
  2 bats (D:1)
  2 frilled lizards
  7 rats
24 creatures vanquished.

Notes
Turn   | Place    | Note
-------+----------+-------------------------------------------
     0 | D:1      | IdlyInterested the Demonspawn Wanderer began the quest for
                  | the Orb.
     0 | D:1      | IdlyInterested set off with the following items: a +0
                  | dagger, 2 throwing nets, a scroll of vulnerability, a
                  | scroll of fear, a +0 leather armour; and the following
                  | spell memorised: Kiss of Death; and the following spells
                  | available to memorise: Vampiric Draining.
     0 | D:1      | Reached XP level 1. HP: 13/13 MP: 5/5
   227 | D:1      | Reached skill level 1 in Fighting
   241 | D:1      | Gained mutation: You are partially covered in molten
                  | scales. (AC +2) [demonic ancestry]
   241 | D:1      | Reached XP level 2. HP: 19/21 MP: 7/7
   363 | D:1      | Reached skill level 1 in Armour
  1127 | D:2      | Slain by a worm

Illustrated notes

Levels and vault maps discovered:
D:1:      lightli_arrival_boilingwater, layout_loops_ring
D:2:      layout_basic, chequers_ecumenical_altar_simple, uniq_terence,
          uniq_robin, uniq_jessica

Skill      XL: |  1  2 |
---------------+-------+-----
Fighting       | 1 2 |  2.1
Armour         | 1 |  1.0
Throwing       | |  1.0
Dodging        | |  4.5
Stealth        | |  0.5
Spellcasting   | |  4.0

Action                     || total
---------------------------++-------
  Melee: Dagger            ||   132
         Punch             ||     2
   Stab: Sleeping          ||     2
 Armour: Leather armour    ||    57
  Dodge: Dodged            ||    73
  Block: Other             ||     7
         Reflection        ||     1

Table legend: (Time is in decaauts)
 A = Elapsed time spent in this place.
 B = Non-inter-level travel time spent in this place.
 C = Inter-level travel time spent in this place.
 D = Time resting spent in this place.
 E = Time spent auto-exploring this place.
 F = Levels seen in this place.
 G = Mean time per level.
                   A        B        C        D        E       F      G
               +--------+--------+--------+--------+--------+-----+--------+
         Total |   1128 |    975 |    153 |    103 |    606 |   2 |  564.0 |
       Dungeon |   1128 |    975 |    153 |    103 |    606 |   2 |  564.0 |
               +--------+--------+--------+--------+--------+-----+--------+

Top non-repeatable levels by time:
     D:1: 1091 daAuts
     D:2: 37 daAuts
